 Dungeon Crawl Stone Soup version 0.19-a0-1021-g80cc50c (webtiles) character file.

1096 Sixotanaka the Carver (level 8, -12/52 HPs)
             Began as a High Elf Skald on July 27, 2016.
             Mangled by an orc warrior
             ... wielding a +0 short sword
              (16 damage)
             ... on level 6 of the Dungeon.
             The game lasted 00:14:36 (7562 turns).

Sixotanaka the Carver (High Elf Skald)              Turns: 7562, Time: 00:14:36

Health: -12/52     AC:  3    Str: 11    XL:     8   Next: 10%
Magic:  10/12      EV: 16    Int: 17    God:
Gold:   339        SH:  0    Dex: 21    Spells: 4 memorised, 2 levels left

rFire  . . .     SeeInvis .     a - +0 long sword
rCold  + . .     Gourm    .     b - +0 leather armour
rNeg   . . .     Faith    .     (no shield)
rPois  .         Spirit   .     (no helmet)
rElec  .         Dismiss  .     (no cloak)
rCorr  .         Reflect  .     (no gloves)
SustAt +         Harm     .     (no boots)
MR     .....                    (no amulet)
Stlth  +++.......               r - ring of sustain attributes
                                u - ring of protection from cold

@: agile, not resistant to hostile enchantments, fairly stealthy
A: no striking features
a: no special abilities


You were on level 6 of the Dungeon.
You were not hungry.

You visited 1 branch of the dungeon, and saw 7 of its levels.

You collected 339 gold pieces.


   Skills:
 + Level 3.1 Fighting
 * Level 10.1 Long Blades
 - Level 0.8 Armour
 - Level 1.1 Dodging
 - Level 2.4 Spellcasting
 - Level 2.2 Hexes
 - Level 5.1 Charms


You had 2 spell levels left.
You knew the following spells:

 Your Spells              Type           Power        Failure   Level  Hunger
a - Shroud of Golubria    Chrm/Tloc      ##........   14%         2    ##.....
c - Infusion              Chrm           ###.         3%          1    #......
g - Regeneration          Chrm/Necr      ##........   28%         3    ###....
z - Spectral Weapon       Hex/Chrm       ##......     17%         3    ###....


Dungeon Overview and Level Annotations

Branches:
Dungeon (7/15)
 Temple: D:4-7

Altars:
Dithmenos
Fedhas
Gozag
Kikubaaqudgha
Nemelex Xobeh
Qazlal
Uskayaw

Annotations:
D:4 Ihatecarrots00's ghost, amateur MiBe
D:6 plsesad's ghost, novice OgBe
D:7 Menkaure

Inventory:

Hand Weapons
 a - a +0 long sword (weapon)
   (You found it on level 5 of the Dungeon)
Missiles
 s - a tomahawk (quivered)
Armour
 b - a +0 leather armour (worn)
Magical Staves
 x - an uncursed staff of conjuration {!a}
   (You found it on level 5 of the Dungeon)
Jewellery
 r - a ring of sustain attributes (right hand)
   (You found it on level 5 of the Dungeon)
 u - a ring of protection from cold (left hand)
   (You found it on level 4 of the Dungeon)
 C - an uncursed ring of fire
   (You found it on level 5 of the Dungeon)
 D - an uncursed ring of protection from cold
   (You found it on level 5 of the Dungeon)
Scrolls
 e - 6 scrolls of remove curse {@r2}
 g - 2 scrolls of amnesia
 i - 4 scrolls of teleportation {@r4}
 j - a scroll of recharging {unknown}
 k - a scroll of fog
 n - a scroll of immolation {!r}
 y - a scroll of noise {unknown}
 B - a scroll of magic mapping {unknown}
Potions
 f - a potion of haste {unknown}
 h - 2 potions of might {unknown}
 l - a potion of lignification {unknown}
 q - 2 potions of ambrosia {unknown}
 t - a potion of mutation {unknown}
 v - a potion of flight {unknown}
 w - a potion of curing {unknown}
 z - 2 potions of brilliance {unknown}
 E - a potion of cancellation {unknown}
Books
 c - a book of Battle
Comestibles
 d - 5 bread rations {@e1}
 m - 13 fruits
 A - a slice of pizza

...###............##
#..#
.................##
#..#
#..............###
#..#
##.........>.###
############...
##.........##
##....)##.......
##........#
#..............#
#........##
##...#########..#
#.........####.).##
##.#
#....<....ooo@..##
#.#
#....#####.o(...#
#.# ##...## ########
#.# ##....## ##.#
##......#
############..#
#.......##
##.............#
....##...##
#............###
..#####...##
#...########## .#
###..## ##..##


You could see an orc warrior, 3 orcs and a friendly spectral long sword.


Message History

There is a stone staircase leading up, spattered with blood here.
You climb upwards.
There is a stone staircase leading down here.
You start resting.
You start resting.
Eating a chunk of flesh.
You start eating the chunk of flesh.
You are feeling hungry.
You continue eating. x2
You finish eating.
You start resting.
You climb downwards.
Level annotation: plsesad's ghost, novice OgBe The orc misses you.
The orc warrior hits you but does no damage.
There is a stone staircase leading up, spattered with blood here.
The orc barely misses you.
You draw out your weapon's spirit!
The orc warrior closely misses you. The orc hits you but does no damage.
You barely miss the orc warrior.
Your spectral weapon barely misses the orc warrior.
The orc warrior hits you with a short sword!
You hit the orc warrior.
Your spectral weapon misses the orc warrior.
The orc warrior hits you with a short sword!
You barely miss the orc warrior.
Your spectral weapon hits the orc warrior but does no damage.
The orc closely misses you.
You hit the orc warrior.
Your spectral weapon hits the orc warrior!
The orc warrior hits you with a short sword!
* * * LOW HITPOINT WARNING * * *
The orc hits you but does no damage.
Unknown command.
The orc hits your spectral weapon but does no damage.
There is a stone staircase leading up here.
You feel agile all of a sudden.
The orc warrior hits you with a short sword!
* * * LOW HITPOINT WARNING * * *
The orc hits your spectral weapon but does no damage. x2
Unknown command.
You hit the orc warrior.
Your spectral weapon barely misses the orc warrior.
The orc warrior closely misses you.
You riposte.
You hit the orc warrior but do no damage.
The orc hits your spectral weapon with a club.
You hit the orc warrior but do no damage.
Your spectral weapon barely misses the orc warrior.
The orc hits your spectral weapon but does no damage.
The orc warrior hits you with a short sword!
You die...

Vault maps used:
D:1:      scummos_arrival_forest
D:2:      tgw_kikubaaqudgha
D:3:      ecumenical_altar_2, hangedman_glass_teeth
D:4:      first_bread
D:5:      fedhas_altar_3
D:6:      johnstein_pakellas_dig
D:7:      grunt_temple_overflow_open, enter_bailey_8, uniq_menkaure,
          uniq_duvessa

Vanquished Creatures
  An ice beast (D:5)
  A black bear (D:7)
  2 phantoms
  2 ogres (D:5)
  A giant frog (D:6)
  A scorpion (D:4)
  A crimson imp (D:5)
  2 hounds
  An orc wizard (D:6)
  A giant frog skeleton (D:6)
  3 worker ants
  A worker ant zombie (D:6)
  12 adders
  A shadow imp (D:6)
  An adder zombie (D:5)
  An adder skeleton (D:7)
  2 worms
  3 dart slugs
  5 giant geckos
  3 orcs
  A ball python (D:6)
  8 bats
  5 giant cockroaches
  6 hobgoblins
  19 jackals
  2 quokkas
  2 giant gecko skeletons (D:5)
  A giant gecko zombie (D:6)
  5 giant newts
  8 goblins
  5 kobolds
  3 rats
110 creatures vanquished.

Vanquished Creatures (others)
  A human (D:2)
  3 spectral weapons
4 creatures vanquished.

Grand Total: 114 creatures vanquished

Table legend:
 A = Turns spent in this place as a percentage of turns spent in the entire game.
 B = Non-inter-level travel turns spent in this place as a percentage of non-inter-level travel turns spent in the entire game.
 C = Inter-level travel turns spent in this place as a percentage of turns spent in this place.
 D = Turns resting spent in this place as a percentage of non-inter-level travel turns spent in this place.
 E = Turns spent auto-exploring this place as a percentage of non-inter-level travel turns spent in this place.
 F = Non-inter-level travel turns spent in this place divided by the number of levels of this place that you've seen.
                   A       B       C       D       E      F
               +-------+-------+-------+-------+-------+----------------------
         Total | 100.0 | 100.0 |   0.8 |   7.0 |  13.6 | 276.0
       Dungeon | 100.0 | 100.0 |   0.8 |   7.0 |  13.6 | 276.0
               +-------+-------+-------+-------+-------+----------------------

Table legend:
 A = Kills in this place as a percentage of kills in entire the game.
 B = Kills by you in this place as a percentage of kills by you in the entire game.
 C = Kills by friends in this place as a percentage of kills by friends in the entire game.
 D = Other kills in this place as a percentage of other kills in the entire game.
 E = Experience gained in this place as a percentage of experience gained in the entire game.
 F = Experience gained in this place divided by the number of levels of this place that you have seen.
                   A       B       C       D       E      F
               +-------+-------+-------+-------+-------+----------------------
         Total | 100.0 | 100.0 |  -nan |  -nan | 100.0 | 223.9
       Dungeon | 100.0 | 100.0 |  -nan |  -nan | 100.0 | 223.9
               +-------+-------+-------+-------+-------+----------------------

Notes
Turn   | Place    | Note
-------+----------+-------------------------------------------
     0 | D:1      | Sixotanaka the High Elf Skald began the quest for the Orb.
     0 | D:1      | Reached XP level 1. HP: 14/14 MP: 4/4
   206 | D:1      | Reached skill level 3 in Long Blades
   256 | D:1      | Reached XP level 2. HP: 19/19 MP: 6/6
   566 | D:1      | Reached skill level 4 in Long Blades
   836 | D:1      | Reached XP level 3. HP: 19/24 MP: 7/7
  1420 | D:2      | Learned a level 2 spell: Shroud of Golubria
  1813 | D:2      | Found an ancient bone altar of Kikubaaqudgha.
  1816 | D:2      | Noticed a human
  1818 | D:2      | Killed a human
  1849 | D:2      | Reached skill level 5 in Long Blades
  2026 | D:2      | Reached XP level 4. HP: 29/29 MP: 2/8
  2556 | D:3      | Found a faded altar of an unknown god.
  2577 | D:3      | Reached skill level 6 in Long Blades
  3015 | D:3      | Learned a level 3 spell: Spectral Weapon
  3062 | D:3      | Reached XP level 5. HP: 32/34 MP: 9/9
  3130 | D:3      | Noticed a phantom
  3153 | D:3      | Killed a phantom
  3153 | D:3      | Reached skill level 1 in Hexes
  3269 | D:3      | Reached skill level 7 in Long Blades
  3417 | D:4      | Noticed Ihatecarrots00's ghost (amateur MiBe)
  3736 | D:4      | Reached XP level 6. HP: 39/39 MP: 4/10
  4020 | D:4      | Reached skill level 2 in Hexes
  4322 | D:4      | Learned a level 3 spell: Regeneration
  4527 | D:5      | Entered Level 5 of the Dungeon
  4545 | D:5      | Reached skill level 8 in Long Blades
  4657 | D:5      | Found a blossoming altar of Fedhas.
  4684 | D:5      | Reached skill level 4 in Charms
  4684 | D:5      | Reached XP level 7. HP: 43/45 MP: 3/11
  4777 | D:5      | Reached skill level 9 in Long Blades
  5036 | D:5      | Reached skill level 5 in Charms
  6050 | D:6      | Noticed plsesad's ghost (novice OgBe)
  6055 | D:6      | HP: 1/45 [plsesad's ghost (34)]
  6488 | D:6      | HP: 9/45 [plsesad's ghost (36)]
  6840 | D:7      | Noticed Menkaure
  6955 | D:7      | Found a stormy altar of Qazlal.
  6955 | D:7      | Found a hide-covered altar of Uskayaw.
  6957 | D:7      | Found a sparkling altar of Nemelex Xobeh.
  6957 | D:7      | Found a shadowy altar of Dithmenos.
  6958 | D:7      | Found an opulent altar of Gozag.
  7000 | D:7      | Reached skill level 10 in Long Blades
  7000 | D:7      | Reached XP level 8. HP: 32/51 MP: 2/12
  7028 | D:7      | HP: 3/51 [orc warrior/war axe (22)]
  7061 | D:7      | HP: 6/51 [shadow imp/nerve-wracking pain (3)]
  7333 | D:6      | Reached skill level 3 in Fighting
  7560 | D:6      | HP: 3/52 [orc warrior/short sword (12)]
  7562 | D:6      | Mangled by an orc warrior

Action                   |  1- 3 |  4- 6 |  7- 9 || total
-------------------------+-------+-------+-------++-------
Melee: Falchion          |   135 |   237 |       ||   372
       Long sword        |       |     5 |   106 ||   111
Throw: Tomahawk          |       |     4 |       ||     4
 Cast: Infusion          |     4 |    12 |     9 ||    25
       Shroud of Golubri |     2 |    11 |     4 ||    17
       Spectral Weapon   |       |     4 |    20 ||    24
  Use: Scroll            |       |     5 |       ||     5
       Potion            |       |     1 |     1 ||     2
 Stab: Sleeping          |     3 |       |       ||     3
       Distracted        |       |       |     2 ||     2
  Eat: Chunk             |     3 |     8 |     7 ||    18
       Beef jerky        |       |     1 |       ||     1
       Pizza             |       |     1 |       ||     1
       Meat ration       |       |       |     1 ||     1
Armor: Leather armour    |    25 |    35 |    12 ||    72
Dodge: Dodged            |    73 |   121 |    46 ||   240
